[Event "Team 45 45 League T76"]
[Site "Internet Chess Club"]
[Date "2018.04.22"]
[Round "5"]
[White "mongmong"]
[Black "SeniorCitizen"]
[Result "1/2-1/2"]
[WhiteElo "1483"]
[BlackElo "1347"]
[Opening "Lengfellner system"]
[ECO "B07"]
[Time "11:01:27"]
[TimeControl "2700+45"]

1. d4 d6 2. e4 e6 3. Nf3 Nf6 4. Nc3 d5 5. e5 Nfd7 6. Bg5 Be7 7. Qd2 O-O 8. Bd3
f6 9. exf6 Bxf6 10. Bxf6 Nxf6 11. O-O-O b6 12. Rde1 a6 13. Ng5 Qd6 14. Nf3 c5
15. Nb1 c4 16. Be2 Ne4 17. Qe3 Qf4 18. Qxf4 Rxf4 19. Rhf1 Nc6 20. c3 Bd7 21.
Nbd2 Nxd2 22. Kxd2 b5 23. g3 Rf6 24. Nh4 Raf8 25. f4 Ne7 26. Nf3 Ng6 27. Ne5
Nxe5 28. fxe5 Rxf1 29. Rxf1 Rxf1 30. Bxf1 Kf8 31. b3 a5 32. bxc4 bxc4 33. Kc2
Ke7 34. Kb2 h6 35. Be2 g5 36. Bd1 Kd8 37. Ka3 Kc7 38. Bc2 Kb6 39. h4 gxh4 40.
gxh4 Bc8 41. Kb2 Kb5 42. Kc1 Kb6 43. Kd2 Kc7 44. Ke3 Kd7 45. Kf4 Ke7 46. Bg6 Kf8
47. Bc2 Bd7 48. Ke3 Ke7 49. Kf3 Kf7 50. Kg4 Kg7 51. Bd1 Be8 52. Kf4 Bd7 53. Ke3
Kg6 54. Kf4 Kg7 55. Bc2 Kf7 56. Kg4 Kg7 57. Kf3 Kf7 58. Ke2 Ke7 59. Kd1 Kd8 60.
Kc1 Kc7 61. Bg6 Bc8 62. Kd2 Kd8 63. Ke3 Ke7 64. Kf4 Kf8 65. Kg4 Kg7 66. Be8 Kf8
67. Bb5 Kg7 68. Kf4 Kf7 69. Ke3 Ke7 70. Kd2 Kd8 71. Kc2 Kc7 72. Kb2 Bd7 73. Bxd7
Kxd7 74. Kc2 Kc7 75. Kd2 Kd7 76. Ke3 Ke7 77. Kf4 Kf7 78. Kg4 Kg7 79. Kh5 a4
{Game drawn by mutual agreement} 1/2-1/2

[Event "Team 45 45 League T76"]
[Site "Internet Chess Club"]
[Date "2018.04.21"]
[Round "5"]
[White "olivermx"]
[Black "Toalla"]
[Result "0-1"]
[WhiteElo "1217"]
[BlackElo "1192"]
[Opening "Sicilian"]
[ECO "B50"]
[Time "13:00:23"]
[TimeControl "2700+45"]

1. e4 c5 2. Nf3 d6 3. Bc4 e6 4. O-O Nf6 5. Re1 Be7 6. d3 O-O 7. c3 d5 8. exd5
exd5 9. Bb3 Nc6 10. Bg5 Re8 11. Nbd2 Be6 12. Ba4 Bd7 13. Bb3 Be6 14. h3 a6 15.
Bc2 d4 16. c4 b5 17. b3 Rb8 18. Bxf6 Bxf6 19. Ne4 Be7 20. Qd2 bxc4 21. bxc4 a5
22. Ba4 Bd7 23. Bxc6 Bxc6 24. Ne5 Ba8 25. Nf3 Rb4 26. Reb1 Qb6 27. Rxb4 axb4 28.
Qc2 h6 29. Qb3 f5 30. Ned2 Qg6 31. a3 Bg5 32. g3 Qc6 {White resigns} 0-1

[Event "Team 45 45 League T76"]
[Site "Internet Chess Club"]
[Date "2018.04.19"]
[Round "5"]
[White "oldbookseller"]
[Black "WzeroMN"]
[Result "1-0"]
[WhiteElo "985"]
[BlackElo "1114"]
[Opening "Queen's pawn game"]
[ECO "D05"]
[Time "14:00:18"]
[TimeControl "2700+45"]

1. d4 e6 2. Nf3 Nf6 3. e3 d5 4. Bd3 Be7 5. O-O O-O 6. Nbd2 c5 7. c3 c4 8. Bc2 b5
9. e4 dxe4 10. Nxe4 Bb7 11. Nxf6+ Bxf6 12. Qe2 Bxf3 13. Qxf3 Nd7 14. Qh3 g6 15.
Re1 Bg7 16. Re4 Nf6 17. Re3 Nd5 18. Rg3 f5 19. Bh6 Bxh6 20. Qxh6 Qf6 21. Rh3 Qg7
22. Qd2 Rae8 23. Re1 Rf6 24. a4 bxa4 25. Bxa4 Re7 26. Bb5 Nb6 27. d5 Nxd5 28.
Bxc4 Nc7 29. Be2 g5 30. Bh5 g4 31. Rd3 Rf8 32. c4 Ne8 33. Rd1 Nf6 34. c5 Nxh5
35. c6 Nf6 36. Rd8 Ree8 37. Qa5 Rxd8 38. Rxd8 Qe7 39. c7 Re8 40. c8=Q Rxd8 41.
Qc2 Qd7 42. Qe1 Rc8 43. Qb3 Rd8 44. f3 gxf3 45. Qg3+ Kf7 46. Qgxf3 Qd4+ 47. Kf1
Ne4 48. Qh5+ Kf6 49. Qh6+ Ke5 50. Qg7+ Kd6 51. Qxd4+ Ke7 52. Qbb4+ Ke8 53. Qh8+
Kd7 54. Qxh7+ Kc6 55. Qbb7+ Kd6 56. b4 Nf6 57. Qhf7 Rd7 58. Qf8+ Ke5 59. Qc5+
Rd5 60. Qc3+ Kf4 61. g3+ Ke4 62. Qxf6 e5 63. g4 Kd4 64. Qxa7+ Ke4 65. Qxf5#
{Black checkmated} 1-0

[Event "Team 45 45 League T76"]
[Site "Internet Chess Club"]
[Date "2018.04.23"]
[Round "5"]
[White "g8wrb"]
[Black "Balderdash"]
[Result "1-0"]
[WhiteElo "1337"]
[BlackElo "1217"]
[Opening "Ruy Lopez: Bird's defense"]
[ECO "C61"]
[Time "08:02:57"]
[TimeControl "2700+45"]

1. e4 e5 2. Nf3 Nc6 3. Bb5 Nd4 4. Nxd4 exd4 5. O-O c6 6. Bc4 g6 7. c3 d5 8. exd5
cxd5 9. Bb5+ Bd7 10. Bxd7+ Qxd7 11. cxd4 Be7 12. Nc3 Nf6 13. Re1 O-O 14. Qa4
Qxa4 15. Nxa4 Bd6 16. d3 b5 17. Nc5 Ng4 18. h3 Nf6 19. Bg5 Kg7 20. Bxf6+ Kxf6
21. Nd7+ Kg7 22. Nxf8 Kxf8 23. Rac1 Kg7 24. Rc6 Rd8 25. Kf1 Bb4 26. Rec1 Bd2 27.
R1c2 Ba5 28. Ra6 Bb6 29. Rxb6 axb6 30. Rc6 Ra8 31. a3 Rb8 32. Rd6 Rc8 33. Rxb6
Rc1+ 34. Ke2 Rc7 35. Kd2 b4 36. Rxb4 h5 37. a4 f6 38. a5 g5 39. a6 Kg6 40. Rb7
Rc6 41. a7 Ra6 42. Ke3 Ra1 43. Ke2 Ra2 44. Kd2 Kf5 45. g3 g4 46. h4 Ra4 47. Kc3
Ra2 48. b3 Ra1 49. b4 Ra3+ 50. Kb2 Rxd3 51. a8=Q Rd2+ 52. Kc3 Rxf2 53. Qc8+ Ke4
54. Re7+ Kf3 55. Qf5+ Kxg3 56. Re3+ Kxh4 57. Qxd5 Rh2 58. Qf5 Rc2+ 59. Kxc2 g3
60. Qxf6+ Kh3 61. Qg5 h4 62. Re2 g2 63. Qxg2# {Black checkmated} 1-0

[Event "Team 45 45 League T76"]
[Site "Internet Chess Club"]
[Date "2018.04.22"]
[Round "5"]
[White "pita"]
[Black "guyd52"]
[Result "1-0"]
[WhiteElo "1273"]
[BlackElo "1272"]
[Opening "Pirc: classical system, 5.Be2"]
[ECO "B06"]
[Time "19:00:54"]
[TimeControl "2700+45"]

1. e4 g6 2. d4 Bg7 3. Nf3 d6 4. Be2 Nf6 5. Nc3 Nbd7 6. O-O O-O 7. Be3 e5 8. dxe5
Nxe5 9. Nxe5 dxe5 10. Bc5 Qxd1 11. Rfxd1 Re8 12. Nb5 Nxe4 13. Nxc7 Nxc5 14. Nxe8
Bf5 15. Nxg7 Kxg7 16. Rd5 Na4 17. Rxe5 Nxb2 18. Rb1 Na4 19. Rxb7 Nb6 20. Ree7
Nd7 21. Bc4 Rc8 22. Bb3 Bxc2 23. Rxf7+ Kh6 24. Rfxd7 Bxb3 25. Rxh7+ Kg5 26. h4+
Kf6 27. axb3 Rc1+ 28. Kh2 a5 29. Rbe7 Rc2 30. Rhf7# {Black checkmated} 1-0

[Event "Team 45 45 League T76"]
[Site "Internet Chess Club"]
[Date "2018.04.21"]
[Round "5"]
[White "rhayder"]
[Black "Conjurer"]
[Result "0-1"]
[WhiteElo "1198"]
[BlackElo "1289"]
[Opening "Sicilian: Pelikan (Lasker/Sveshnikov) variation"]
[ECO "B33"]
[Time "15:54:53"]
[TimeControl "2700+45"]

1. e4 c5 2. Nf3 Nc6 3. d4 cxd4 4. Nxd4 Nf6 5. Nc3 e5 6. Nb3 Bb4 7. Bg5 O-O 8. a3
Be7 9. Bd3 a6 10. Qd2 b5 11. Nd5 Nxd5 12. Bxe7 Ndxe7 13. O-O-O d6 14. f4 Bg4 15.
Rdf1 f5 16. h3 Bh5 17. g4 fxg4 18. hxg4 Bxg4 19. Be2 Bxe2 20. Qxe2 exf4 21. Qg4
Ng6 22. Qe6+ Rf7 23. Rxh7 Kxh7 24. Qxf7 Qh4 25. Rg1 Nce5 26. Qf5 Rf8 27. Qe6 Rf6
28. Qc8 f3 {White resigns} 0-1

[Event "Team 45 45 League T76"]
[Site "Internet Chess Club"]
[Date "2018.04.21"]
[Round "5"]
[White "tasawyer81"]
[Black "Graybeard"]
[Result "1-0"]
[WhiteElo "1166"]
[BlackElo "1013"]
[Opening "Queen's pawn: Charlick (Englund) gambit"]
[ECO "A40"]
[Time "08:00:23"]
[TimeControl "2700+45"]

1. d4 e5 2. d5 Nf6 3. Nc3 d6 4. e4 Bd7 5. Nf3 c6 6. Bg5 Be7 7. Be2 cxd5 8. exd5
O-O 9. Bxf6 Bxf6 10. h4 a6 11. Bd3 Bg4 12. Bxh7+ Kxh7 13. Ng5+ Kg8 14. Qxg4 g6
15. Nce4 Kg7 16. h5 Rh8 17. O-O-O Qd7 18. Nxf6 Kxf6 19. Ne4+ Kg7 20. Qxd7 Nxd7
21. Nxd6 b5 22. g4 Raf8 23. hxg6 fxg6 24. Ne4 Nf6 25. Ng5 Nxg4 26. Ne6+ Kg8 27.
Nxf8 Nxf2 28. Rxh8+ Kxh8 29. Nxg6+ Kg7 30. Rg1 e4 31. Nf4+ Kf6 32. d6 Ke5 33. d7
Kd6 34. d8=Q+ Ke5 35. Qc7+ Kd4 36. Ne2+ Ke3 37. Qc3+ Nd3+ 38. cxd3 Kxe2 39. dxe4
Kf2 40. Qe1+ Kf3 41. Rg3+ Kf4 42. Qe3+ Ke5 43. Rg5+ Ke6 44. Qb6+ Kf7 45. Qg6+
Kf8 46. Qf6+ Ke8 47. Qe6+ Kd8 48. Rg8+ Kc7 49. Rc8+ Kb7 50. Qc6+ Ka7 51. Ra8#
{Black checkmated} 1-0